 Dungeon Crawl Stone Soup version 0.23.0 (webtiles) character file.

Game seed: 13640757511525134699

107 elfaar the Firebug (level 4, -5/33 HPs)
             Began as a Draconian Fire Elementalist on Feb 16, 2019.
             Was an Initiate of Vehumet.
             Slain by a gnoll
             ... wielding a cursed +0 flail
              (14 damage)
             ... on level 2 of the Dungeon.
             The game lasted 00:28:59 (2308 turns).

elfaar the Firebug (Draconian Fire Elementalist)    Turns: 2308, Time: 00:29:00

Health: -5/33      AC:  6    Str: 11    XL:     4   Next: 57%
Magic:  1/8        EV: 12    Int: 16    God:    Vehumet [......]
Gold:   143        SH:  0    Dex: 11    Spells: 3/8 levels left

rFire    . . .     SeeInvis .   j - +0 short sword
rCold    . . .     Gourm    .   (no shield)
rNeg     . . .     Faith    .   (armour unavailable)
rPois    .         Spirit   .   (helmet restricted)
rElec    .         Reflect  .   a - +0 cloak
rCorr    .         Harm     .   (no gloves)
MR       .....                  (no boots)
Stlth    ++........             (no amulet)
HPRegen  0.11/turn              (no ring)
MPRegen  0.11/turn              (no ring)

@: no status effects
A: unfitting armour, cold-blooded, AC +5
a: Renounce Religion


You were on level 2 of the Dungeon.
You worshipped Vehumet.
Vehumet was noncommittal.
You were not hungry.

You visited 1 branch of the dungeon, and saw 3 of its levels.

You collected 143 gold pieces.

Inventory:

Hand Weapons
 d - a +1 dagger
 f - a +1 hunting sling
 h - a +0 hand axe
 i - a cursed -2 dagger
 j - a +0 short sword (weapon)
Missiles
 c - 23 sling bullets
 g - 36 stones (quivered)
Armour
 a - a +0 cloak (worn)
Jewellery
 e - an uncursed amulet of guardian spirit
Scrolls
 l - a scroll of enchant weapon
Potions
 k - a potion of lignification {unknown}
 m - a potion of mutation {unknown}
 n - a potion of cancellation {unknown}
 o - 2 potions of brilliance {unknown}


   Skills:
 + Level 0.1 Fighting
 + Level 0.5 Slings
 + Level 2.1 Dodging
 + Level 2.1 Stealth
 + Level 2.8 Spellcasting
 + Level 1.9 Conjurations
 + Level 0.1 Summonings
 + Level 3.9 Fire Magic


You had 3 spell levels left.
You knew the following spells:

 Your Spells              Type           Power        Failure   Level  Hunger
a - Flame Tongue          Conj/Fire      ##...        6%          1    #......
b - Throw Flame           Conj/Fire      ##....       9%          2    ##.....
c - Call Imp              Summ           #.......     26%         2    ##.....

Your spell library contained the following spells:

 Spells                   Type           Power        Failure   Level  Hunger
 Magic Dart               Conj           #...         9%          1    #......
 Conjure Flame            Conj/Fire      ##......     17%         3    ###....
 Inner Flame              Hex/Fire       #.......     26%         3    ###....
 Blink                    Tloc           N/A          28%         2    ##.....
 Slow                     Hex            #.......     28%         2    ##.....
 Mephitic Cloud           Conj/Pois/Air  #.......     41%         3    ###....
 Sticky Flame             Conj/Fire      ##......     50%         4    #####..
 Fireball                 Conj/Fire      ##........   85%         5    ######.


Dungeon Overview and Level Annotations

Branches:
Dungeon (3/15)

Altars:
Cheibriados
Okawaru
Vehumet


Innate Abilities, Weirdness & Mutations

Your plain brown scales are hard. (AC +5)
You cannot fit into any form of body armour.
You are cold-blooded and may be slowed by cold attacks.


Message History

The gnoll closely misses you. The gnoll hits you with a +0 club.
You hit the gnoll but do no damage.
You tail-slap the gnoll, but do no damage.
The gnoll is almost dead.
The gnoll barely misses you. The gnoll hits you with a +0 club!
* * * LOW HITPOINT WARNING * * *
You hit the gnoll.
You kill the gnoll!
Vehumet accepts your kill. The gnoll barely misses you.
Okay, then.
Casting: Flame Tongue (safe; 6% risk of failure)
Confirm with . or Enter, or press ? or * to list all spells.
Aiming: Flame Tongue (safe; 6% risk of failure)
Press: ? - help, Shift-Dir - straight line, f - gnoll
Aim: a gnoll, wielding a +0 flail (moderately wounded)
The flame tongue hits the gnoll but does no damage.
The gnoll is moderately wounded.
The gnoll hits you with a cursed +0 flail!
You die...

##### #...#.#####'##
##_## ###.#........#
8...8 #.#.#......†.#
.....##.#.#........#
.....8#.#.#.#####.##
.....##......# #.#
8...8##......# ###
.....##......####.#
.....8#.......#♣@_##
.....##.......'.g.8#
8...8##......##♣)_##
##>## #......####.#
#######.....g..####
...# #..#.#.#.## ##
...# #..#.....# ..
...# #..###.#.# .#
...# #..# #.#.# .#


You could see a gnoll.

Vanquished Creatures
  2 gnolls (D:2)
  4 adders
  A worm (D:2)
  A dart slug (D:1)
  2 leopard geckos (D:2)
  2 giant cockroaches
  3 goblins (D:2)
  3 hobgoblins (D:2)
  2 jackals (D:2)
  7 kobolds
  A quokka (D:2)
  6 bats
  4 frilled lizards
  5 rats
43 creatures vanquished.

Vanquished Creatures (collateral kills)
  An adder (D:2)
1 creature vanquished.

Grand Total: 44 creatures vanquished

Notes
Turn   | Place    | Note
-------+----------+-------------------------------------------
     0 | D:1      | elfaar the Draconian Fire Elementalist began the quest for
                  | the Orb.
     0 | D:1      | Reached XP level 1. HP: 14/14 MP: 3/3
   482 | D:1      | Reached XP level 2. HP: 20/20 MP: 1/5
   967 | D:2      | Reached XP level 3. HP: 20/26 MP: 1/6
   971 | D:2      | Learned a level 2 spell: Throw Flame
   974 | D:2      | Learned a level 2 spell: Call Imp
  1753 | D:2      | Reached XP level 4. HP: 33/33 MP: 1/7
  1911 | D:2      | Found a radiant altar of Vehumet.
  1912 | D:2      | Found an iron altar of Okawaru.
  1926 | D:2      | Became a worshipper of Vehumet
  1993 | D:2      | Found a snail-covered altar of Cheibriados.
  2308 | D:2      | Slain by a gnoll

Skill      XL: |  1  2 |
---------------+-------+-----
Stealth        | 2 |  2.1
Dodging        | 2 |  2.1
Fighting       | |  0.1
Slings         | |  0.5
Spellcasting   | |  2.8
Conjurations   | |  1.9
Summonings     | |  0.1
Fire Magic     | |  3.9

Action                   |  1- 3 |  4- 6 || total
-------------------------+-------+-------++-------
Melee: Dagger            |     8 |       ||     8
       Unarmed           |     2 |       ||     2
       Short sword       |    14 |    19 ||    33
       Tailslap          |     4 |     2 ||     6
 Fire: Hunting sling     |    33 |     8 ||    41
 Cast: Flame Tongue      |    44 |    11 ||    55
       Call Imp          |     3 |       ||     3
       Throw Flame       |     2 |     8 ||    10
  Use: Scroll            |     8 |     1 ||     9
  Eat: Ration            |     1 |     1 ||     2
       Chunk             |       |     1 ||     1
Armor: Skin              |    17 |     5 ||    22
Dodge: Dodged            |    37 |    16 ||    53
